 Dungeon Crawl Stone Soup version 0.29-a0-506-ga2e7fffb44 (webtiles) character file.

Game seed: 4433074760663393519

317 avis the Insei (level 6, -5/57 HPs)
             Began as a Deep Dwarf Transmuter on May 28, 2022.
             Killed from afar by Dowan (14 damage)
             ... with a shard of ice
             ... on level 4 of the Dungeon.
             The game lasted 00:15:43 (3265 turns).

avis the Insei (Deep Dwarf Transmuter)              Turns: 3265, Time: 00:15:44

Health: -5/57      AC:  7    Str: 13    XL:     6   Next: 20%
Magic:  8/8        EV:  9    Int: 16    God:
Gold:   137        SH:  5    Dex: 13    Spells: 4/8 levels left

rFire   + . .      SeeInvis .   w - +1 whip (elec)
rCold   . . .      Faith    .   (no shield)
rNeg    . . .      Spirit   .   y - +1 scale mail {rF+}
rPois   .          Reflect  +   (no helmet)
rElec   .          Harm     .   (no cloak)
rCorr   .          Rampage  .   (no gloves)
Will    .....                   (no boots)
Stlth   ..........              u - amulet of reflection
HPRegen 0.00/turn               (no ring)
MPRegen 0.11/turn               (no ring)

@: lethally poisoned (-5 -> -5)
A: damage resistance, heal wounds, sense surroundings 1, no regeneration
a: Heal Wounds


You were on level 4 of the Dungeon.
You visited 1 branch of the dungeon, and saw 4 of its levels.

You collected 137 gold pieces.

Inventory:

Hand Weapons
 b - a +0 hunting sling
 w - a +1 whip of electrocution (weapon)
Armour
 g - a +0 chain mail
 y - a +1 scale mail of fire resistance (worn)
Magical Staves
 p - a staff of poison
Jewellery
 u - an amulet of reflection (around neck)
Scrolls
 f - a scroll of immolation {unknown}
 i - 2 scrolls of identify {unknown}
 j - a scroll of blinking {unknown}
 m - a scroll of teleportation {unknown}
 n - a scroll of silence {unknown}
 o - 3 scrolls of fear {unknown}
 r - a scroll of poison {unknown}
 s - 2 scrolls of amnesia {unknown}
 t - 2 scrolls of brand weapon {unknown}
 v - a scroll of noise {unknown}
 A - a scroll of fog {unknown}
Potions
 a - 2 potions of ambrosia {unknown}
 d - a potion of degeneration {unknown}
 e - a potion of haste {unknown}
 h - 3 potions of attraction {unknown}
 k - a potion of lignification
 l - a potion of brilliance {unknown}
 q - a potion of invisibility {unknown}
 x - 2 potions of cancellation {unknown}
 z - a potion of berserk rage {unknown}


   Skills:
 * Level 4.0 Fighting
 - Level 2.1 Dodging
 - Level 5.0 Unarmed Combat
 - Level 1.7 Spellcasting
 - Level 1.7 Transmutations


You had 4 spell levels left.
You knew the following spells:

 Your Spells              Type           Power      Damage    Failure   Level
a - Beastly Appendage     Tmut           14%        N/A       45%         1
p - Spider Form           Tmut/Pois      4%         N/A       92%         3

Your spell library contained the following spells:

 Spells                   Type           Power      Damage    Failure   Level
 Wereblood                Tmut           7%         N/A       61%         2
 Ice Form                 Ice/Tmut       4%         N/A       100%        4
 Passage of Golubria      Tloc           1%         N/A       100%        4
 Silence                  Hex/Air        0%         N/A       100%        5
 Lehudib's Crystal Spear  Conj/Erth      0%         10d2      100%        8


Dungeon Overview and Level Annotations

Branches:
Dungeon (4/15)
 Temple: D:4-7

Altars:
Uskayaw

Annotations:
D:1 Deep water hides some places.
D:4 Dowan


Innate Abilities, Weirdness & Mutations

You are resistant to damage.
You can heal yourself by infusing magical energy.
You passively map a small area around you.
You do not regenerate.


Message History

Dowan is almost dead.
You block Dowan's attack.
Dowan gestures wildly while chanting.
Dowan blinks!
You hit Dowan but do no damage.
Dowan is almost dead.
Dowan gestures wildly while chanting.
Dowan blinks!
Dowan mumbles some strange words.
Dowan blinks!
You barely miss Dowan.
Dowan is almost dead.
You block Dowan's attack.
You miss Dowan.
Dowan is almost dead.
You block Dowan's attack. Dowan closely misses you.
You closely miss Dowan.
Dowan is almost dead.
Dowan misses you. You block Dowan's attack.
You hit Dowan.
Dowan is almost dead.
Dowan casts a spell at you. The shard of ice hits you.
You barely miss Dowan.
Dowan is almost dead.
You are no longer poisoned.
Dowan hits you with a +1 dagger of venom.
You are poisoned.
You block Dowan's attack.
You miss Dowan.
Dowan is almost dead.
Dowan says, "Her death will not be in vain!"
Dowan barely misses you.
Dowan points at you and mumbles some strange words.
The shard of ice hits you!
* * * LOW HITPOINT WARNING * * *
You fail to use your ability.
Dowan points at you and mumbles some strange words.
The shard of ice hits you!
You die...

#....e...#
#### * +*
#....".#.#
, ,
#.e...@#)#
*
#......#.#
, ,
#..?...#)#,
, * +*
#......#.#
,
#......#.#,
,
#......#.#
,, * , #@#
, , * #e# ,
#(#
##########
#.#
#<.......#
#.#,
########.#
#.#,, , #.#
#.# , , #.#
#.# , #.#
#.# ***


You could see Dowan (fast).

Vanquished Creatures
  Edmund (D:4)
  Duvessa (D:4)
  Ijyb (D:3)
  An adder (D:3)
  A dart slug (D:1)
  5 ball pythons
  7 bats
  4 endoplasms
  4 giant cockroaches
  6 goblins
  7 hobgoblins
  6 kobolds
  2 quokkas (D:2)
  5 frilled lizards
  5 rats
56 creatures vanquished.

Notes
Turn   | Place    | Note
-------+----------+-------------------------------------------
     0 | D:1      | avis the Deep Dwarf Transmuter began the quest for the Orb.
     0 | D:1      | Reached XP level 1. HP: 16/16 MP: 3/3
    41 | D:1      | Reached skill level 1 in Fighting
   373 | D:1      | Reached XP level 2. HP: 21/26 MP: 2/4
   516 | D:1      | Reached skill level 3 in Unarmed Combat
   654 | D:1      | You fall into a shaft and drop 1 floor!
  1119 | D:2      | Reached XP level 3. HP: 16/33 MP: 5/5
  1749 | D:2      | Learned a level 3 spell: Spider Form
  2587 | D:3      | Found a faded altar of an unknown god.
  2684 | D:3      | Noticed Ijyb
  2684 | D:3      | Paralysed by Ijyb for 5 turns
  2697 | D:3      | Paralysed by Ijyb for 5 turns
  2708 | D:3      | Paralysed by Ijyb for 2 turns
  2725 | D:3      | Killed Ijyb
  2726 | D:3      | Reached XP level 4. HP: 23/42 MP: 6/6
  2792 | D:3      | Found a hide-covered altar of Uskayaw.
  3219 | D:4      | Noticed Edmund
  3219 | D:4      | Noticed Duvessa
  3219 | D:4      | Noticed Dowan
  3232 | D:4      | Killed Edmund
  3233 | D:4      | Reached skill level 4 in Unarmed Combat
  3233 | D:4      | Reached XP level 5. HP: 25/50 MP: 7/7
  3242 | D:4      | Killed Duvessa
  3243 | D:4      | Reached skill level 5 in Unarmed Combat
  3243 | D:4      | Reached XP level 6. HP: 17/57 MP: 8/8
  3265 | D:4      | Killed from afar by Dowan

Illustrated notes

Levels and vault maps discovered:
D:1:      eino_arrival_cavern_b, layout_rooms, minmay_misc_feat_x, minmay_cupped
D:2:      layout_basic, roderic_roman_lattice
D:3:      layout_basic, lemuel_tele_altar, hellmonk_ecumenical_altar_lost_god,
          uniq_ijyb
D:4:      kennysheep_kobold_camp, layout_basic, minmay_temple_entry_wispy,
          gammafunk_ghost_gnarly_gnolls, uniq_edmund, uniq_duvessa,
          uniq_sigmund, uniq_pikel

Skill      XL: |  1  2  3  4  5 |
---------------+----------------+-----
Fighting       | 1 2 3 4 |  4.0
Unarmed Combat | 3 4 5 |  5.0
Dodging        | |  2.1
Spellcasting   | |  1.7
Transmutations | |  1.7

Action                   |  1- 3 |  4- 6 || total
-------------------------+-------+-------++-------
Melee: Unarmed           |   152 |       ||   152
       Kick              |     8 |       ||     8
       Punch             |     4 |       ||     4
       Headbutt          |     3 |       ||     3
       Whip              |    44 |    41 ||    85
 Fire: Hunting sling     |    12 |       ||    12
Throw: Javelin           |       |     2 ||     2
 Cast: Beastly Appendage |    12 |       ||    12
 Abil: Heal Wounds       |     2 |     1 ||     3
Armor: Ring mail         |    12 |       ||    12
       Robe              |     2 |       ||     2
       Chain mail        |    84 |       ||    84
       Scale mail        |       |     8 ||     8
Dodge: Dodged            |    62 |    14 ||    76
Block: Other             |     2 |    17 ||    19

Table legend: (Time is in decaauts)
 A = Elapsed time spent in this place.
 B = Non-inter-level travel time spent in this place.
 C = Inter-level travel time spent in this place.
 D = Time resting spent in this place.
 E = Time spent auto-exploring this place.
 F = Levels seen in this place.
 G = Mean time per level.
                   A        B        C        D        E       F      G
               +--------+--------+--------+--------+--------+-----+--------+
         Total |   3268 |   2753 |    515 |    449 |   1521 |   4 |  817.0 |
       Dungeon |   3268 |   2753 |    515 |    449 |   1521 |   4 |  817.0 |
               +--------+--------+--------+--------+--------+-----+--------+

Top non-repeatable levels by time:
     D:2: 1203 daAuts
     D:1: 1060 daAuts
     D:3: 892 daAuts
     D:4: 112 daAuts
